 Dungeon Crawl Stone Soup version 0.29-a0-323-g050149af67 (webtiles) character file.

Game seed: 15585803410963196125

385 quinnr the Zephyrmancer (level 6, 0/32 HPs)
             Began as a Tengu Air Elementalist on Apr 10, 2022.
             Was an Initiate of Sif Muna.
             Slain by a killer bee (6 damage)
             ... on level 5 of the Dungeon.
             The game lasted 00:08:43 (5538 turns).

quinnr the Zephyrmancer (Tengu Air Elementalist)    Turns: 5538, Time: 00:08:44

Health: 0/32       AC:  3    Str:  7 (9)  XL:     6   Next: 77%
Magic:  5/11       EV: 14    Int: 16 (17) God:    Sif Muna [......]
Gold:   276        SH:  0    Dex: 11 (14) Spells: 4/11 levels left

rFire   . . .      SeeInvis .   (no weapon)
rCold   . . .      Faith    .   (no shield)
rNeg    . . .      Spirit   .   a - +0 robe
rPois   .          Reflect  .   (helmet restricted)
rElec   .          Harm     .   h - +0 cloak
rCorr   .          Rampage  .   (no gloves)
Will    .....                   (boots unavailable)
Stlth   ++........              (no amulet)
HPRegen 0.10/turn               (no ring)
MPRegen 0.12/turn               (no ring)

@: flying quickly and evasively, quick
A: beak, talons 3, nimble flight
a: Renounce Religion


You were on level 5 of the Dungeon.
You worshipped Sif Muna.
Sif Muna was noncommittal.
You visited 2 branches of the dungeon, and saw 6 of its levels.

You collected 276 gold pieces.

Inventory:

Missiles
 g - 14 poisoned darts
Armour
 a - a +0 robe (worn)
 h - a +0 cloak (worn)
Scrolls
 d - a scroll of fear {unknown}
 e - a scroll of enchant weapon {unknown}
 f - 3 scrolls of teleportation {unknown}
 i - a scroll of vulnerability {unknown}
 j - 4 scrolls of blinking {unknown}
 n - 2 scrolls of magic mapping {unknown}
 o - 3 scrolls of noise {unknown}
 p - 2 scrolls of enchant armour {unknown}
 q - a scroll of fog {unknown}
 r - 4 scrolls of amnesia {unknown}
Potions
 b - 3 potions of magic
 c - a potion of degeneration
 k - 3 potions of mutation
 l - 2 potions of flight
 m - a potion of lignification


   Skills:
 - Level 2.2 Dodging
 - Level 2.0 Stealth
 - Level 3.0 Spellcasting
 - Level 1.5 Conjurations
 + Level 8.5 Air Magic
 - Level 2.0 Poison Magic


You had 4 spell levels left.
You knew the following spells:

 Your Spells              Type           Power      Damage    Failure   Level
a - Shock                 Conj/Air       72%        1d7       2%          1
b - Poisonous Vapours     Pois/Air       38%        N/A       3%          2
c - Airstrike             Air            14%        N/A       5%          4

Your spell library contained the following spells:

 Spells                   Type           Power      Damage    Failure   Level
 Swiftness                Air            29%        N/A       1%          3
 Static Discharge         Conj/Air       18%        N/A       3%          2
 Ensorcelled Hibernation  Hex/Ice        4%         N/A       28%         2
 Passwall                 Tmut/Erth      1%         N/A       28%         2
 Tukima's Dance           Hex            2%         N/A       50%         3
 Leda's Liquefaction      Hex/Erth       1%         N/A       88%         4
 Silence                  Hex/Air        8%         N/A       65%         5


Dungeon Overview and Level Annotations

Branches:
Dungeon (5/15)             Temple (1/1) D:4

Altars:
Cheibriados
Dithmenos
Elyvilon
Gozag
Hepliaklqana
Kikubaaqudgha
Makhleb
Nemelex Xobeh
Okawaru
Qazlal
Ru
Sif Muna
Trog
Uskayaw
Wu Jian
Xom
Yredelemnul
Zin

Shops:
D:2 :


Innate Abilities, Weirdness & Mutations

You have a beak for a mouth.
You have claws for feet.
Your magical nature lets you fly swiftly and evasively.


Message History

Sif Muna accepts your kill.
The zap hits the killer bee.
The killer bee is moderately wounded.
The zap misses the killer bee.
You feel sick. The killer bee barely misses you.
The killer bee closely misses you.
Your Air Magic skill increases to level 8!
Unknown command.
Unknown command.
It was a potion of degeneration.
There was something very wrong with that liquid.
You feel weakened.
You feel dopey.
You feel clumsy.
You feel sick. The killer bee stings you.
* * * LOW HITPOINT WARNING * * *
You are more poisoned.
The killer bee poisons you! The killer bee barely misses you.
Unknown command.
It was a potion of curing.
You feel better. The killer bee misses you. The killer bee closely misses you.
Casting: Shock (safe; 2% risk of failure)
Confirm with . or Enter, or press ? or * to list all spells.
Aiming: Shock (safe; 2% risk of failure)
Press: ? - help, Shift-Dir - straight line The zap hits the killer bee.
You kill the killer bee!
Sif Muna accepts your kill.
The zap hits the killer bee!
The killer bee is severely wounded.
The zap hits the killer bee but does no damage.
The killer bee is severely wounded.
The killer bee stings you.
* * * LOW HITPOINT WARNING * * *
Unknown command.
Casting: Shock (safe; 2% risk of failure)
Confirm with . or Enter, or press ? or * to list all spells.
Aiming: Shock (safe; 2% risk of failure)
Press: ? - help, Shift-Dir - straight line The zap hits the killer bee.
The killer bee is severely wounded.
The zap misses the killer bee.
The killer bee stings you.
You die...

#.# #.#
#.######.
#...<....
######..######
#......## y
##.####.# .y##
#######..# #.#
[.y.
#.†y@...## #.#
#..#.#######
#.#
#y........#
#.#
#.#######..
#.) #[ ..[ #


You could see a killer bee.

Vanquished Creatures
  3 killer bees (D:5)
  An orc priest (D:4)
  An iguana (D:4)
  3 orc wizards
  2 adders (D:4)
  7 worms
  2 dart slugs (D:1)
  9 orcs (D:4)
  2 endoplasms
  2 giant cockroaches
  5 goblins
  7 hobgoblins
  2 jackals (D:2)
  2 quokkas
  7 ball pythons
  5 bats
  7 kobolds
  11 rats
78 creatures vanquished.

Notes
Turn   | Place    | Note
-------+----------+-------------------------------------------
     0 | D:1      | quinnr the Tengu Air Elementalist began the quest for the
                  | Orb.
     0 | D:1      | Reached XP level 1. HP: 10/10 MP: 4/4
   644 | D:1      | Reached XP level 2. HP: 15/15 MP: 4/6
   757 | D:1      | Found a faded altar of an unknown god.
  1396 | D:2      | Got the Compendium of Beguiling and Weightlessness
  1418 | D:1      | Learned a level 2 spell: Poisonous Vapours
  1447 | D:2      | Reached XP level 3. HP: 19/19 MP: 0/8
  1604 | D:2      | Found Daolumn's Book Shoppe.
  2337 | D:2      | Reached skill level 1 in Poison Magic
  2594 | D:3      | Reached XP level 4. HP: 24/24 MP: 3/9
  2889 | D:3      | Reached skill level 5 in Air Magic
  3931 | D:4      | Learned a level 4 spell: Airstrike
  4133 | D:4      | Found a staircase to the Ecumenical Temple.
  4187 | D:4      | Reached skill level 6 in Air Magic
  4187 | D:4      | Gained mutation: Your magical nature lets you fly swiftly
                  | and evasively. [Tengu growth]
  4187 | D:4      | Reached XP level 5. HP: 11/28 MP: 0/10
  4384 | Temple   | Entered the Ecumenical Temple
  4598 | Temple   | Became a worshipper of Sif Muna the Loreminder
  4903 | D:4      | Reached skill level 7 in Air Magic
  4949 | D:4      | Reached XP level 6. HP: 21/32 MP: 0/11
  5493 | D:5      | Entered Level 5 of the Dungeon
  5535 | D:5      | Reached skill level 8 in Air Magic
  5535 | D:5      | HP: 1/32 [killer bee (3)]
  5538 | D:5      | Slain by a killer bee

Illustrated notes

Levels and vault maps discovered:
D:1:      eino_arrival_druids_welcome, layout_basic,
          hellmonk_ecumenical_altar_pennies_from_heaven
D:2:      layout_rooms, serial_shops, nicolae_diamond_shop,
          minmay_misc_feat_secret_circle, minmay_misc_feat_plants,
          grunt_ministairs_9, serial_park_tiny_1
D:3:      layout_basic, nicolae_wormholes
D:4:      layout_cave_pools, minmay_temple_entry_drinking_statues
D:5:      layout_rooms
Temple:   dpeg_five_rooms_temple

Skill      XL: |  1  2  3  4  5  6 |
---------------+-------------------+-----
Spellcasting   | 3 |  3.0
Poison Magic   | 1 2 |  2.0
Air Magic      | 6 7 8 |  8.5
Dodging        | |  2.2
Stealth        | |  2.0
Conjurations   | |  1.5

Action                   |  1- 3 |  4- 6 || total
-------------------------+-------+-------++-------
Melee: Unarmed           |       |    12 ||    12
       Kick              |       |     3 ||     3
       Peck              |       |     2 ||     2
 Cast: Shock             |   104 |    87 ||   191
       Poisonous Vapours |     1 |    21 ||    22
  Use: Scroll            |     2 |     2 ||     4
       Potion            |       |     3 ||     3
Armor: Robe              |    10 |     2 ||    12
Dodge: Dodged            |     4 |    19 ||    23

Table legend: (Time is in decaauts)
 A = Elapsed time spent in this place.
 B = Non-inter-level travel time spent in this place.
 C = Inter-level travel time spent in this place.
 D = Time resting spent in this place.
 E = Time spent auto-exploring this place.
 F = Levels seen in this place.
 G = Mean time per level.
                   A        B        C        D        E       F      G
               +--------+--------+--------+--------+--------+-----+--------+
         Total |   5473 |   5195 |    278 |    907 |   3673 |   6 |  912.2 |
       Dungeon |   5190 |   4957 |    233 |    870 |   3491 |   5 | 1038.0 |
        Temple |    282 |    238 |     44 |     37 |    182 |   1 |  282.0 |
               +--------+--------+--------+--------+--------+-----+--------+

Top non-repeatable levels by time:
     D:3: 1497 daAuts
     D:1: 1384 daAuts
     D:2: 1173 daAuts
     D:4: 1093 daAuts
  Temple: 282 daAuts
     D:5: 41 daAuts
